 Dungeon Crawl Stone Soup version 0.26-a0-996-g6b303dbc09 (webtiles) character file.

Game seed: 14015496255170834453

337 Conn the Sneak (level 6, 0/38 HPs)
             Began as an Octopode Fire Elementalist on Dec 6, 2020.
             Slain by a gnoll
             ... wielding a +2 flail of draining
              (1 damage)
             ... on level 3 of the Dungeon.
             The game lasted 00:06:22 (2432 turns).

Conn the Sneak (Octopode Fire Elementalist)         Turns: 2432, Time: 00:06:23

Health: 0/38       AC:  1    Str:  8    XL:     6   Next: 54%
Magic:  4/9        EV: 14    Int: 19    God:
Gold:   75         SH:  0    Dex: 12    Spells: 8/9 levels left

rFire    . . .     SeeInvis .   a - +2 short sword (venom)
rCold    . . .     Faith    .   (no shield)
rNeg     + . .     Spirit   .   (helmet restricted)
rPois    .         Reflect  .   (no amulet)
rElec    .         Harm     .   e - ring of positive energy
rCorr    .         Rampage  .   (no ring)
MR       .....                  (no ring)
Stlth    ++++......             (no ring)
HPRegen  0.12/turn              (no ring)
MPRegen  0.11/turn              (no ring)
                                (no ring)
                                (no ring)

@: lightly drained
A: almost no armour, stealthy swim, amphibious, 8 rings, constrict 8, camouflage
1, gelatinous body 1
a: no special abilities


You were on level 3 of the Dungeon.
You visited 1 branch of the dungeon, and saw 3 of its levels.

You collected 75 gold pieces.

Inventory:

Hand Weapons
 a - a +2 short sword of venom (weapon)
 b - a +0 hunting sling
Missiles
 g - 3 javelins (quivered)
 h - 30 sling bullets
Jewellery
 e - a ring of positive energy (left tentacle)
Scrolls
 c - 3 scrolls of blinking {unknown}
 d - a scroll of identify {unknown}
 j - a scroll of enchant weapon {unknown}
 k - a scroll of teleportation {unknown}


   Skills:
 + Level 1.4(1.2) Fighting
 + Level 1.8(1.5) Short Blades
 * Level 2.7(2.5) Slings
 * Level 3.2(2.9) Dodging
 * Level 5.8(5.5) Stealth
 - Level 2.1(1.8) Spellcasting
 + Level 1.7(1.5) Conjurations
 - Level 3.0(2.7) Fire Magic


You had 8 spell levels left.
You knew the following spells:

 Your Spells              Type           Power        Failure   Level
a - Foxfire               Conj/Fire      #...         7%          1

Your spell library contained the following spells:

 Spells                   Type           Power        Failure   Level
 Conjure Flame            Conj/Fire      #.......     22%         3
 Inner Flame              Hex/Fire       #.......     28%         3
 Sticky Flame             Conj/Fire      #.......     56%         4
 Fireball                 Conj/Fire      #.........   89%         5


Dungeon Overview and Level Annotations

Branches:
Dungeon (3/15)

Altars:


Innate Abilities, Weirdness & Mutations

You cannot wear most types of armour.
You are very stealthy in the water. (Stealth+)
You are amphibious.
You can wear up to eight rings at the same time.
You can use your tentacles to constrict eight enemies at once.
Your skin changes colour to match your surroundings (Stealth+).
Your rubbery body absorbs attacks. (AC +1, EV +1)


Message History

Your grab misses the gnoll.
The gnoll is moderately wounded.
You hit the gnoll.
The gnoll looks as sick as possible!
You grab the gnoll.
The gnoll is moderately wounded.
You constrict the gnoll, but do no damage.
The gnoll misses you. The gnoll barely misses you.
You hit the gnoll but do no damage.
The gnoll looks as sick as possible!
The gnoll is moderately wounded.
You constrict the gnoll. The gnoll hits you.
You hit the gnoll.
You kill the gnoll!
The gnoll hits you with a +2 flail of draining!
* * * LOW HITPOINT WARNING * * *
You partially resist.
You feel drained.
You hit the gnoll but do no damage.
The gnoll is poisoned.
Your grab misses the gnoll. Your squeeze misses the gnoll.
The gnoll hits you with a +2 flail of draining!
* * * LOW HITPOINT WARNING * * *
You partially resist.
You feel drained.
You die...

#.##....... ..#.......
#.#....... #[#.......
#.#.....#
###########.#.)w..#
..........†..).?..#
########.......#g#...##
.(.....†)......[@†...#
########........$#.#.#
#.........#.# #
#...†.....# #
#.......#...
##########..# .>. ###


You could see a gnoll (very poisoned).

Vanquished Creatures
  Sigmund (D:2)
  Jessica (D:2)
  Terence (D:2)
  2 gnolls (D:3)
  3 adders
  An ooze (D:2)
  A worm (D:3)
  2 leopard geckos
  4 orcs (D:3)
  5 bats (D:2)
  4 giant cockroaches
  7 goblins
  8 hobgoblins
  5 jackals (D:3)
  8 kobolds
  3 quokkas
  A ball python (D:2)
  5 frilled lizards
  5 rats
67 creatures vanquished.

Vanquished Creatures (others)
  75 foxfires
75 creatures vanquished.

Grand Total: 142 creatures vanquished

Notes
Turn   | Place    | Note
-------+----------+-------------------------------------------
     0 | D:1      | Conn the Octopode Fire Elementalist began the quest for the
                  | Orb.
     0 | D:1      | Reached XP level 1. HP: 11/11 MP: 3/3
   220 | D:1      | Reached skill level 3 in Stealth
   314 | D:1      | Reached XP level 2. HP: 12/17 MP: 5/5
  1303 | D:2      | Reached XP level 3. HP: 21/21 MP: 2/6
  1319 | D:2      | Reached skill level 4 in Stealth
  1639 | D:2      | Noticed Jessica
  1642 | D:2      | Killed Jessica
  1643 | D:2      | Reached skill level 1 in Slings
  1643 | D:2      | Reached XP level 4. HP: 27/27 MP: 7/7
  1659 | D:2      | Noticed Sigmund
  1691 | D:2      | Killed Sigmund
  1692 | D:2      | Reached skill level 1 in Fighting
  1692 | D:2      | Reached skill level 1 in Short Blades
  1692 | D:2      | Reached skill level 5 in Stealth
  1692 | D:2      | Reached XP level 5. HP: 6/33 MP: 8/8
  1692 | D:2      | Reached XP level 6. HP: 7/38 MP: 9/9
  2116 | D:2      | Noticed Terence
  2126 | D:2      | Killed Terence
  2432 | D:3      | HP: 1/38 [gnoll/+2 flail of draining (9)]
  2432 | D:3      | Slain by a gnoll

Illustrated notes

Levels and vault maps discovered:
D:1:      kennysheep_arrival_seaside, layout_basic, hangedman_decor_riveting
D:2:      layout_rooms, minmay_tromino_i4, uniq_sigmund, uniq_jessica,
          uniq_terence
D:3:      layout_basic, tgw_trog, makhleb_heckhound_becter, uniq_robin

Skill      XL: |  1  2  3  4 |
---------------+-------------+-----
Stealth        | 3 4 5 |  5.8
Slings         | 1 2 |  2.7
Fighting       | 1 |  1.4
Short Blades   | 1 |  1.8
Dodging        | 3 |  3.2
Spellcasting   | |  2.1
Conjurations   | |  1.7
Fire Magic     | |  3.0

Action                   |  1- 3 |  4- 6 || total
-------------------------+-------+-------++-------
Melee: Unarmed           |     4 |       ||     4
       Short sword       |    33 |    65 ||    98
       Constrict         |     9 |    11 ||    20
       Tentacles         |     4 |     8 ||    12
 Fire: Hunting sling     |    13 |       ||    13
 Cast: Foxfire           |    19 |    24 ||    43
  Use: Potion            |       |     5 ||     5
       Scroll            |       |     1 ||     1
 Stab: Sleeping          |     5 |     4 ||     9
Armor: Skin              |     4 |     3 ||     7
Dodge: Dodged            |    24 |    37 ||    61

Table legend: (Time is in decaauts)
 A = Elapsed time spent in this place.
 B = Non-inter-level travel time spent in this place.
 C = Inter-level travel time spent in this place.
 D = Time resting spent in this place.
 E = Time spent auto-exploring this place.
 F = Levels seen in this place.
 G = Mean time per level.
                   A        B        C        D        E       F      G
               +--------+--------+--------+--------+--------+-----+--------+
         Total |   2434 |   2402 |     32 |    464 |   1358 |   3 |  811.3 |
       Dungeon |   2434 |   2402 |     32 |    464 |   1358 |   3 |  811.3 |
               +--------+--------+--------+--------+--------+-----+--------+

Top non-repeatable levels by time:
     D:1: 1257 daAuts
     D:2: 1092 daAuts
     D:3: 84 daAuts
